 Dungeon Crawl Stone Soup version 0.31-a0-1407-ga5f2854 (webtiles) character file.

Game seed: 16743261758405043823

1863080 Wizard1ke the Shapeless Demonspawn (level 26, 225/225 HPs)
             Began as a Demonspawn Berserker on Dec 25, 2023.
             Was the Champion of Trog.
             Escaped with the Orb
             ... and 3 runes
             ... and 1 gem on Dec 26, 2023!
             The game lasted 02:42:59 (61529 turns).

Wizard1ke the Shapeless Demonspawn (DsBe)          Turns: 61529, Time: 02:42:59

Health: 225/225    AC: 15    Str: 25    XL:     26   Next: 15%
Magic:  20/20      EV: 47    Int:  9    God:    Trog [******]
Gold:   3498       SH:  0    Dex: 16    Spells: 25/25 levels left

rFire   + .          .
                       - Unarmed
rCold   + . .        (shield currently unavailable)
rNeg    . . .        (body armour currently unavailable)
rPois   ∞            (helmet currently unavailable)
rElec   +            (cloak currently unavailable)
rCorr   .            (gloves currently unavailable)
SInv    .            (boots unavailable)
Will    ++...        h - amulet of regeneration
Stlth   +            Y - ring of protection from fire
HPRegen 1.37/turn    R - ring of protection from cold
MPRegen 0.34/turn

%: guardian spirit
@: storm-form, flying, studying 5 skills
A: cleaving, insubstantial, flying, (hooves 3), foul stench 3, magic shield,
magic regeneration, magic link, black mark, (sharp scales 3), bedeviling,
deterioration 1, low MP 1, strong-willed 1, evolution 1, subdued magic 1
0: Orb of Zot
}: 3/15 runes: serpentine, barnacled, slimy
a: Blinkbolt, Begin Untransformation, Renounce Religion, Berserk, Trog's Hand,
Brothers in Arms


You escaped.
You worshipped Trog.
Trog was exalted by your worship.
You were a lightning-filled tempest!
You visited 10 branches of the dungeon, and saw 51 of its levels.
You visited the Abyss 2 times.
You also visited: Ossuary and Bailey.

You collected 6838 gold pieces.
You spent 3340 gold pieces at shops.

Inventory:

Missiles
 F - 11 curare-tipped darts
 I - 43 boomerangs (quivered)
 S - 5 throwing nets
Armour
 d - the +4 dragonskin cloak
   (You took it off Tiamat on level 2 of the Realm of Zot)

   Avatar's Aegis: It grants the wearer a chance to resist fire, cold, poison,
   electricity, acid, and negative energy.
Jewellery
 c - a ring of protection from fire
 h - an amulet of regeneration (around neck)
 x - an amulet of faith
 y - a ring of see invisible
 B - a ring of protection from cold
 G - a ring of magical power
 O - a ring of resist corrosion
 R - a ring of protection from cold (right fist)
 W - an amulet of reflection
 Y - a ring of protection from fire (left fist)
Talismans
 q - a storm talisman (active)
Wands
 a - a wand of mindburst (14)
 r - a wand of flame (45)
 t - a wand of quicksilver (16)
 w - a wand of digging (21)
 J - a wand of paralysis (42)
 X - a wand of iceblast (29)
Scrolls
 f - 12 scrolls of teleportation
 i - 10 scrolls of blinking
 j - 12 scrolls of immolation
 k - 5 scrolls of summoning
 l - 4 scrolls of silence {!r}
 n - 6 scrolls of fog
 o - 11 scrolls of fear
 v - 4 scrolls of poison
 C - 4 scrolls of vulnerability
 E - a scroll of revelation
 P - 3 scrolls of enchant armour
 V - 7 scrolls of enchant weapon
Potions
 e - 5 potions of berserk rage {!q}
 g - a potion of cancellation
 m - a potion of invisibility
 p - 3 potions of magic
 s - 7 potions of curing
 u - 3 potions of heal wounds
 z - 6 potions of mutation
 A - 6 potions of lignification
 D - 5 potions of haste
 K - 2 potions of attraction
 M - 6 potions of might
 N - 4 potions of brilliance
 T - 5 potions of enlightenment
 U - 2 potions of ambrosia
 Z - a potion of resistance
Miscellaneous
 b - a phial of floods
 L - a phantom mirror (inert)
 Q - a sack of spiders


   Skills:
 + Level 22.2 Fighting
 - Level 3.1 Maces & Flails
 - Level 1.7 Armour
 + Level 13.9 Dodging
 + Level 21.9 Unarmed Combat
 - Level 10.0 Evocations
 O Level 27 Shapeshifting


You had 25 spell levels left.
You didn't know any spells.
Your spell library contained the following spells:

 Spells                   Type           Power      Damage    Failure   Level
 Call Imp                 Summ           0%         N/A       47%         2
 Mercury Vapours          Alch/Air       0%         N/A       47%         2
 Mephitic Cloud           Conj/Alch/Air  0%         N/A       73%         3
 Tukima's Dance           Hex            0%         N/A       73%         3
 Anguish                  Hex/Necr       0%         N/A       98%         4
 Cause Fear               Hex            0%         N/A       98%         4
 Dimensional Bullseye     Hex/Tloc       0%         N/A       98%         4
 Iskenderun's Mystic Bla  Conj/Tloc      0%         2d3       98%         4
 Fireball                 Conj/Fire      0%         3d3       100%        5
 Freezing Cloud           Conj/Ice/Air   0%         6-21      100%        5
 Iskenderun's Battlesphe  Conj           0%         2d6       100%        5
 Bombard                  Conj/Erth      0%         9d1       100%        6
 Enfeeble                 Hex            0%         N/A       100%        7
 Spellforged Servitor     Conj/Summ      0%         N/A       100%        7
 Summon Hydra             Summ           0%         N/A       100%        7
 Dragon's Call            Summ           0%         N/A       100%        9
 Sublimation of Blood     Necr           Unusable   N/A       N/A         2

Dungeon Overview and Level Annotations

Branches:
Dungeon (15/15)            Temple (0/1) D:6            Lair (5/5) D:8
 Shoals (4/4) Lair:2        Snake (4/4) Lair:2        Slime (5/5) Lair:4
    Orc (2/2) D:9             Elf (3/3) Orc:2        Vaults (4/5) D:13
  Crypt (0/3) Vaults:3     Depths (4/4) D:15            Zot (5/5) Depths:4
Ossuary (visited)          Bailey (visited)

Altars:
Ashenzari
Gozag
Hepliaklqana
Kikubaaqudgha
Makhleb
Sif Muna
Trog
Uskayaw
Vehumet
Wu Jian
Yredelemnul
Jiyva

Shops:
D:3 *   D:5 ?   D:11 :   Orc:2 ::?[:   Elf:2 *   Snake:3 =?!   Vaults:4 *=[*(
Depths:1 :*   Depths:3 :=:

Portals:
Hell: Depths:1 Depths:2 Depths:3
Abyss: Depths:1 Depths:3
Pandemonium: Depths:2
Ziggurat: Depths:1

Annotations:
D:3 exclusion: statue
D:15 2 transporters, Saucecrufibb's ghost, journeyman DsBe
Lair:5 exclusion: oklob plant
Shoals:1 3 runed translucent doors, exclusion: 3 doors, Ucoub's ghost, adept FoHs
Orc:2 1 runed translucent door, exclusion: door, blake's ghost, journeyman DjEE
Vaults:5 !vaults warning
Depths:4 Mennas


Innate Abilities, Weirdness & Mutations

You are a lightning-filled tempest!
Your electrical attacks strike out in all directions at once.
You are incredibly evasive.
Your insubstantial body is immune to petrification, constriction, and being set on fire You are flying.
Your armour is entirely melded.
You are incapable of wielding weapons or throwing items.
You are immune to poison.
((You have hooves in place of feet.))
You frequently emit foul miasma when damaged in melee.
When hurt, damage is shared between your health and your magic reserves.
You regenerate magic rapidly.
When low on magic, you restore magic in place of health.
Your melee attacks may debilitate your foes.
((You are completely covered in razor-sharp scales. (AC +3, Slay +3)))
Your hexes are more powerful.
Your body sometimes deteriorates upon taking damage.
Your magical capacity is low. (-10% MP)
You are strong-willed. (Will+)
You have hidden genetic potential.
Your spells are a little easier to cast, but a little less powerful.


Message History

The demonspawn corrupter completely misses you.
The shadow demon closely misses you.
A starcursed mass splits.
A chorus of shrieks assaults your mind.
A starcursed mass splits.
You hit the shadow demon.
You kill the shadow demon!
Trog accepts your kill.
The kobold dissolves into shadows!
You closely miss the demonspawn corrupter.
The demonspawn corrupter misses you.
The demonspawn corrupter closely misses you.
A starcursed mass splits.
You blast the demonspawn corrupter!!!
You kill the demonspawn corrupter!
Trog accepts your kill.
The starcursed mass disappears in a puff of smoke! x6
No target in view!
No target in view!
No target in view!
(D) Dungeon (T) Temple (L) Lair (A) Shoals (P) Snake Pit (M) Slime Pits (O) Orcish Mines (E) Elven Halls (V) Vaults (C) Crypt (U) Depths (H) Hell (Z) Zot
Where to? (Tab/Enter - D:1 @ (x,y), ? - help)
You reach down and open the door.
HP restored.
There is an open door here.
There is a stone staircase leading up here.
You fly upwards.
There is a stone staircase leading down here.
You see here a +0 whip.
There is a stone staircase leading up here.
You fly upwards.
There is a stone staircase leading down here.
There is an open door here.
There is a large open door here.
There is an open gate here.
There is a staircase leading out of the dungeon here.
Unknown command.
Unknown command.
You have escaped!

..#.# #.# #### ♣♣ ###.# #.# #⌠⌠#
♣♣♣♣.♣ ♣♣♣ ....# #.#
#..############ ########.#
#.............. .........###
#.............. ########...#
#..##......##.. ###### #...#
♣♣####..##......##..
.....###...##♣.#..'..............
............#♣.#v.'..............
.....###....#♣.#..'..............
.....######.#♣♣####..##......##..
.....##.....##### #..##......##..
.....##.........# #..............
.....##......##.###..............
.........#........#'#############
####.....#....#.#.#.# ♣♣♣♣♣♣ ♣♣♣
#.....#....#.#.#.# ######


There were no monsters in sight!

Vanquished Creatures
  the Royal Jelly (Slime:5)
  3 ancient liches (Zot:5)
  Tiamat (Zot:2)
  A dread lich (Depths:4)
  3 orbs of fire (Zot:5)
  Mara (Snake:4)
  Sojobo (Depths:3)
  Bai Suzhen (Vaults:2)
  Boris (twice) (Vaults:4 Depths:4)
  A Killer Klown (Zot:1)
  Margery (Depths:4)
  Saint Roka (Vaults:1)
  A caustic shrike (Depths:4)
  Norris (Vaults:3)
  Nikola (Snake:4)
  A bone dragon (Abyss:2)
  7 golden dragons
  2 electric golems
  A Tzitzimitl (D:15)
  The ghost of Gawed the Warrior, an adept KoFi of Uskayaw (Vaults:2)
  A hellephant (Depths:4)
  16 tentacled monstrosities
  An Ice Fiend (D:14)
  A Hell Sentinel (D:3)
  4 liches
  21 Orb Guardians (Zot:5)
  3 deep elf blademasters
  2 deep elf master archers (Elf:3)
  11 quicksilver dragons
  14 acid blobs
  An Executioner (Abyss:2)
  A titan (Vaults:4)
  6 sphinxes
  3 tentacled starspawn
  Gastronok (D:9)
  Aizul (Elf:3)
  4 ancient champions (Depths:4)
  4 shadow dragons
  8 death cobs
  3 tengu reavers
  Agnes (Snake:3)
  4 storm dragons
  7 rockslimes
  7 draconian knights
  9 protean progenitors
  8 draconian monks
  5 azure jellies (Slime:5)
  6 fire giants
  2 nagarajas
  An iron dragon (Depths:3)
  9 draconian shifters
  A demonspawn warmonger (Depths:1)
  11 vault wardens
  10 draconian scorchers
  7 frost giants
  3 deep elf sorcerers (Elf:3)
  A ghost moth (Zot:2)
  A cacodemon (Abyss:1)
  A balrug (Zot:5)
  3 formless jellyfish
  A spriggan defender (Depths:4)
  6 draconian stormcallers
  4 deep elf elementalists (Elf:3)
  Louise (D:14)
  3 orc warlords
  A caustic shrike skeleton (Depths:2)
  7 draconian annihilators
  A juggernaut skeleton (Depths:3)
  6 quicksilver oozes
  22 very ugly things
  9 stone giants
  2 demonspawn corrupters
  13 ironbound preservers
  3 vampire knights
  5 deep elf demonologists
  7 ironbound thunderhulks
  5 deep elf death magi
  21 black draconians
  9 green draconians
  17 white draconians
  The ghost of dilly the Grappler, a journeyman TrAl of Ru (D:13)
  7 deep elf annihilators
  2 demonspawn black suns
  19 yellow draconians
  A bunyip (Zot:2)
  3 spark wasps
  7 dire elephants
  2 lorocyprocas
  34 purple draconians
  19 red draconians
  A blizzard demon (Abyss:1)
  3 minotaurs (Shoals:4)
  8 ettins
  2 deep elf high priests (Elf:3)
  A merfolk javelineer (Shoals:2)
  Josephine (D:13)
  2 eidola (Vaults:3)
  8 fire dragons
  2 green deaths
  6 merfolk impalers
  11 yaktaur captains
  14 great orbs of eyes
  5 rakshasas
  2 entropy weavers
  A hell beast (Depths:3)
  9 vault guards
  A spriggan zombie (Abyss:2)
  3 hydras (D:13)
  2 spriggan air magi
  5 salamander tyrants
  Harold (D:11)
  4 ice dragons
  10 ironbound frosthearts
  A death knight (D:13)
  A merfolk aquamancer (Shoals:1)
  7 satyrs
  30 centaur warriors
  5 two-headed ogres
  23 dancing weapons
  4 alligator snapping turtles
  7 boulder beetles
  14 anacondas
  3 deep troll shamans
  6 tengu warriors
  4 death yaks
  A titan zombie (Depths:1)
  4 deep troll earth magi
  A hell hog (Abyss:2)
  2 sphinx skeletons
  15 naga warriors
  10 shock serpents
  A demonic crawler (Zot:4)
  11 naga sharpshooters
  6 orc high priests
  6 thrashing horrors
  2 soul eaters
  3 sun demons (Zot:5)
  3 spriggan berserkers (Depths:4)
  2 wretched stars
  20 deep elf knights
  A storm dragon zombie (D:15)
  5 hell knights
  4 sixfirhies
  Amaemon (D:8)
  A titan skeleton (Depths:2)
  12 skysharks
  2 iron trolls
  15 skeletal warriors
  A spatial maelstrom (Abyss:2)
  3 sun moths (Zot:3)
  6 salamander mystics
  16 sea snakes
  2 shadow demons
  A flayed ghost (D:15)
  8 deep elf archers
  38 deep trolls
  8 glowing orange brains
  2 storm dragon skeletons
  7 naga ritualists
  11 lindwurms
  A cherub (D:15)
  9 ironbound convokers
  17 orc knights
  3 necromancers
  25 harpies
  19 deep elf pyromancers
  6 arcanists
  4 large abominations
  10 starcursed masses
  36 ugly things
  Pikel (D:7)
  3 phantasmal warriors
  13 mana vipers
  21 deep elf zephyrmancers
  A faun (shapeshifter) (Depths:2)
  2 tengu skeletons (Depths:3)
  2 wolf spiders (Zot:1)
  3 shining eyes
  25 salamanders
  6 cyclopes
  Maurice (D:7)
  12 fauns
  7 orc sorcerers
  26 moths of wrath
  15 elephants
  A will-o-the-wisp (Abyss:1)
  16 manticores
  A stone giant skeleton (Depths:1)
  14 vault sentinels
  2 worldbinders
  5 kobold blastminers (Orc:2)
  An apocalypse crab (Abyss:2)
  3 meliai (D:13)
  3 water nymphs
  6 guardian serpents
  6 merfolk sirens
  39 black mambas
  2 black mambas (shapeshifter)
  17 naga magi
  5 smoke demons
  3 gargoyles
  2 molten gargoyles (Lair:4)
  3 orange demons
  2 torpor snails
  14 cane toads
  A hellion (D:15)
  A rime drake (Lair:5)
  39 yaktaurs
  A storm dragon simulacrum (Depths:2)
  2 unseen horrors
  3 tengu conjurers
  3 ancient zymes
  2 efreet
  2 tormentors
  13 komodo dragons
  5 wind drakes
  3 hornets
  11 merfolk
  A queen bee (shapeshifter) (D:13)
  2 trolls
  2 polar bears
  A hellwing (Abyss:1)
  9 snapping turtles
  2 tyrant leeches (Zot:3)
  A tarantella (Vaults:1)
  11 blink frogs
  A blink frog (shapeshifter) (Elf:1)
  2 glass eyes
  7 raiju
  11 dream sheep
  An air elemental (Elf:3)
  71 slime creatures
  A spriggan skeleton (Depths:1)
  3 shadows
  2 spriggans (Depths:4)
  6 wraiths
  4 water elementals
  25 yaks
  2 ynoxinuls
  A vampire (Abyss:1)
  5 basilisks (Lair:5)
  5 golden eyes
  6 wyverns
  A fire elemental (Elf:2)
  2 redbacks (Vaults:1)
  3 steam dragons
  A warg (D:15)
  A spatial vortex (Abyss:2)
  2 vampire mosquitoes (D:13)
  43 nagas
  3 water moccasins
  2 acid dragons (D:13)
  5 hell hounds
  A hornet zombie (D:13)
  2 sky beasts
  29 orc warriors
  4 ice beasts
  A black bear (shapeshifter) (Elf:1)
  3 black bears
  A boggart (D:13)
  6 laughing skulls (Abyss:2)
  24 wolves
  A swamp dragon skeleton (Abyss:2)
  A tengu (shapeshifter) (D:13)
  5 ogres
  14 centaurs
  2 lemures (D:7)
  2 phantoms
  A brain worm (Abyss:1)
  3 kobold brigands
  13 bullfrogs
  A gnoll sergeant (D:13)
  7 scorpions
  An earth elemental (Elf:2)
  4 small abominations
  16 wights (D:8)
  2 burial acolytes (Ossuary)
  8 killer bees
  5 electric eels
  3 bombardier beetles
  2 howler monkeys (D:11)
  7 lava snakes
  2 centaur zombies
  2 quasits
  5 jellies
  3 hounds
  17 orc priests
  A sleepcap (D:9)
  3 iguanas
  A hell rat (D:8)
  17 orc wizards
  5 mummies (Ossuary)
  8 gnolls
  14 adders
  2 river rats (D:8)
  2 shadow imps
  2 white imps (Abyss:1)
  2 ufetubi (Abyss:1)
  6 worms
  2 dart slugs
  59 orcs
  6 ball pythons
  9 endoplasms
  5 giant cockroaches
  2 gnoll zombies (Ossuary)
  15 goblins
  13 hobgoblins
  5 quokkas
  3 bats
  3 frilled lizards
  34 kobolds
  2 kobold zombies (Ossuary)
  3 orc zombies (Ossuary)
  7 rats
  7 aspiring fleshes
  4 starspawn tentacles
2095 creatures vanquished.

Vanquished Creatures (collateral kills)
  Jorgrun (D:12)
  Frances (D:12)
  A vault warden (Vaults:2)
  A deep elf elementalist (Elf:1)
  An orc warlord (Bailey)
  A merfolk impaler (Shoals:4)
  3 hydras
  A boulder beetle (D:13)
  A two-headed ogre (D:11)
  2 dancing weapons (Elf:2)
  A cane toad (Lair:2)
  A komodo dragon (Lair:4)
  A rime drake (Lair:2)
  A troll (D:12)
  2 merfolk (Shoals:4)
  3 blink frogs (Lair:2)
  2 yaks (Lair:2)
  A naga (Snake:3)
  2 bullfrogs (Lair:2)
  A goblin (Bailey)
28 creatures vanquished.

Vanquished Creatures (others)
  A draconian knight (Zot:3)
  A stone giant (Vaults:4)
  An ironbound convoker (Vaults:4)
  2 deep elf pyromancers
  A faun (Shoals:4)
  A water elemental (Elf:3)
  A naga (Snake:3)
  An orc (Orc:2)
  4 foxfires (Abyss:1)
  3 starspawn tentacles
16 creatures vanquished.

Grand Total: 2139 creatures vanquished

Notes
Turn   | Place    | Note
-------+----------+-------------------------------------------
     0 | D:1      | Wizard1ke the Demonspawn Berserker began the quest for the
                  | Orb.
     0 | D:1      | Reached XP level 1. HP: 18/18 MP: 1/1
   161 | D:1      | Gained mutation: You have large cloven feet. [demonic
                  | ancestry]
   161 | D:1      | Reached XP level 2. HP: 19/24 MP: 2/2
   864 | D:1      | Reached XP level 3. HP: 30/30 MP: 3/3
  1128 | D:2      | Reached ** piety under Trog
  1254 | D:2      | HP: 2/45 [adder (4)]
  1551 | D:2      | Gained mutation: You have hoof-like feet. [demonic
                  | ancestry]
  1551 | D:2      | Reached XP level 4. HP: 38/38 MP: 4/4
  1556 | D:2      | Found a faded altar of an unknown god.
  2357 | D:3      | You fall into a shaft and drop 1 floor!
  2362 | D:4      | Found an ornate altar of the Wu Jian Council.
  2398 | D:4      | Reached skill level 5 in Fighting
  2460 | D:4      | Found a sand-covered staircase.
  2464 | Ossuary  | Entered an ossuary
  2502 | Ossuary  | Gained mutation: You are partially covered in razor-sharp
                  | scales. (AC +1, Slay +1) [demonic ancestry]
  2502 | Ossuary  | Reached XP level 5. HP: 34/46 MP: 5/5
  2639 | Ossuary  | Reached XP level 6. HP: 53/53 MP: 6/6
  3408 | D:3      | Found a radiant altar of Vehumet.
  3613 | D:3      | Found Kiaryeh's General Store.
  3623 | D:3      | Bought a +2 chain mail of fire resistance for 258 gold
                  | pieces
  3883 | D:4      | Gained mutation: You are mostly covered in razor-sharp
                  | scales. (AC +2, Slay +2) [demonic ancestry]
  3883 | D:4      | Reached XP level 7. HP: 61/61 MP: 7/7
  4141 | D:4      | Reached skill level 1 in Unarmed Combat
  4228 | D:4      | Reached *** piety under Trog
  4333 | D:4      | Found an opulent altar of Gozag.
  4567 | D:5      | Entered Level 5 of the Dungeon
  4866 | D:5      | Found Ceczisma's Magic Scroll Shop.
  4878 | D:5      | Bought a scroll of identify for 30 gold pieces
  5161 | D:5      | Gained mutation: You regenerate magic rapidly. [demonic
                  | ancestry]
  5161 | D:5      | Reached XP level 8. HP: 64/68 MP: 8/8
  5251 | D:5      | Reached skill level 5 in Unarmed Combat
  6059 | D:6      | Found a staircase to the Ecumenical Temple.
  6427 | D:7      | Found Ownus's Self-Improvement Boutique.
  6516 | D:7      | Reached XP level 9. HP: 74/74 MP: 9/9
  6534 | D:7      | Noticed Maurice
  6633 | D:7      | Gained mutation: You may rarely emit foul miasma when
                  | damaged in melee. [demonic ancestry]
  6633 | D:7      | Reached XP level 10. HP: 80/80 MP: 10/10
  7024 | D:7      | Noticed Pikel
  7043 | D:7      | Killed Pikel
  7052 | D:7      | Maurice stole 73 gold
  7054 | D:7      | Killed Maurice
  7121 | D:7      | Reached **** piety under Trog
  7415 | D:8      | Noticed a death yak
  7415 | D:8      | Noticed a death yak
  7454 | D:7      | Killed a death yak
  7639 | D:8      | Reached skill level 10 in Fighting
  7850 | D:8      | Noticed Amaemon
  7927 | D:8      | Noticed a death yak
  8382 | D:8      | Found a staircase to the Lair.
  8457 | D:8      | Noticed an orange demon
  8646 | D:7      | Killed an orange demon
  9235 | D:9      | Gained mutation: You sometimes emit foul miasma when
                  | damaged in melee. [demonic ancestry]
  9235 | D:9      | Reached XP level 11. HP: 83/89 MP: 11/11
  9362 | D:9      | Reached ***** piety under Trog
  9394 | D:9      | Found a staircase to the Orcish Mines.
  9447 | D:9      | Found a flagged portal.
  9465 | Bailey   | Entered a bailey
  9474 | Bailey   | Noticed an orc warlord
  9661 | Bailey   | Found a runed translucent gate.
  9663 | Bailey   | Found a runed translucent gate.
  9665 | Bailey   | Found a runed translucent gate.
  9808 | Bailey   | Killed an orc warlord
 10162 | D:10     | Entered Level 10 of the Dungeon
 10520 | D:10     | Noticed a two-headed ogre
 10534 | D:10     | Killed a two-headed ogre
 10890 | D:10     | Identified the +0 ring mail "Guupamuo" {rN+ Int+4}
 11523 | D:11     | Noticed Harold
 11552 | D:11     | Noticed a two-headed ogre
 11556 | D:11     | Killed Harold
 11565 | D:11     | Killed a two-headed ogre
 11982 | D:11     | Reached skill level 1 in Evocations
 12205 | D:11     | Gained mutation: You frequently emit foul miasma when
                  | damaged in melee. [demonic ancestry]
 12205 | D:11     | Reached XP level 12. HP: 107/107 MP: 12/12
 12209 | D:11     | Found Uwnugh's Book Emporium.
 12511 | D:12     | Noticed a two-headed ogre
 12519 | D:12     | Killed a two-headed ogre
 12604 | D:12     | Noticed Jorgrun
 12624 | D:12     | Killed Jorgrun
 12715 | D:12     | Noticed Frances
 12974 | Lair:1   | Entered Level 1 of the Lair of Beasts
 13601 | Lair:1   | Noticed a boulder beetle
 13621 | Lair:1   | Killed a boulder beetle
 13921 | Lair:1   | Reached skill level 15 in Fighting
 14356 | Lair:2   | Found a staircase to the Shoals.
 14429 | Lair:2   | You fall into a shaft and drop 1 floor!
 14925 | Lair:2   | Found a staircase to the Snake Pit.
 15244 | Lair:2   | Reached skill level 1 in Shapeshifting
 15256 | Lair:2   | Reached XP level 13. HP: 116/116 MP: 13/13
 15338 | Lair:2   | Reached skill level 2 in Shapeshifting
 15395 | Lair:2   | Reached skill level 6 in Shapeshifting
 15395 | Lair:2   | Reached XP level 14. HP: 123/123 MP: 14/14
 15443 | Lair:2   | Reached skill level 7 in Shapeshifting
 16516 | Lair:4   | Found a staircase to the Slime Pits.
 16516 | Lair:4   | Found a viscous altar of Jiyva.
 16638 | Lair:4   | Reached skill level 8 in Shapeshifting
 17434 | Lair:4   | Reached skill level 9 in Shapeshifting
 17901 | Lair:5   | Entered Level 5 of the Lair of Beasts
 18190 | Lair:5   | Reached skill level 10 in Shapeshifting
 20004 | Lair:4   | Reached skill level 11 in Shapeshifting
 20098 | Lair:5   | Received a gift from Trog
 20292 | Lair:5   | Found a broken altar of Ashenzari.
 20676 | Lair:5   | Found a large runed translucent door.
 20676 | Lair:5   | Found a large runed translucent door.
 20727 | Lair:5   | Reached XP level 15. HP: 96/129 MP: 15/15
 20737 | Lair:5   | Identified the +1 pair of gloves of the Salmon {Harm rElec
                  | rPois Int-3}
 21379 | D:8      | Killed Amaemon
 21380 | D:8      | Reached skill level 12 in Shapeshifting
 21547 | Orc:1    | Entered Level 1 of the Orcish Mines
 21581 | Orc:1    | Noticed Gastronok
 22105 | D:9      | Killed Gastronok
 22300 | Orc:2    | Entered Level 2 of the Orcish Mines
 22301 | Orc:2    | Found Zeojaucze's Book Boutique.
 23855 | Orc:2    | Paralysed by an orc sorcerer for 5 turns
 23946 | Orc:2    | Reached skill level 13 in Shapeshifting
 24822 | Orc:2    | Found a staircase to the Elven Halls.
 24834 | Orc:2    | Found a runed translucent door.
 24839 | Orc:2    | Noticed blake's ghost (journeyman DjEE)
 25083 | Orc:2    | Received a gift from Trog
 25223 | Orc:2    | Found Revosm's Book Shop.
 25223 | Orc:2    | Found Dozxuw's Book Shoppe.
 25225 | Orc:2    | Found Olitemus's Magic Scroll Shop.
 25225 | Orc:2    | Found Daekocie's Armour Shoppe.
 25239 | Orc:2    | Bought a scroll of acquirement for 832 gold pieces
 25239 | Orc:2    | Bought a scroll of teleportation for 48 gold pieces
 25239 | Orc:2    | Bought a scroll of teleportation for 48 gold pieces
 25239 | Orc:2    | Bought a scroll of poison for 64 gold pieces
 25239 | Orc:2    | Acquired a manual of Evocations
 25241 | Orc:2    | Acquired the +1 pair of gloves of Igea {Stlth+}
 25253 | Orc:2    | Bought the +0 cloak of Mosef {rElec rPois Int-4 Dex+4} for
                  | 295 gold pieces
 26410 | D:12     | Killed Frances
 26791 | D:13     | Noticed Josephine
 26810 | D:13     | Killed Josephine
 26824 | D:13     | Reached skill level 14 in Shapeshifting
 27283 | D:13     | Found a gate to the Vaults.
 27586 | D:13     | Reached skill level 15 in Shapeshifting
 28009 | D:13     | Gained mutation: When hurt, damage is shared between your
                  | health and your magic reserves. [demonic ancestry]
 28009 | D:13     | Reached XP level 16. HP: 128/136 MP: 16/16
 28121 | D:13     | Found a runed translucent gate.
 28121 | D:13     | Found a runed translucent gate.
 28121 | D:13     | Found a runed translucent gate.
 28121 | D:13     | Noticed dilly's ghost (journeyman TrAl)
 28123 | D:13     | Found a basalt altar of Yredelemnul.
 28944 | D:14     | Noticed Louise
 28968 | D:14     | Killed Louise
 28969 | D:14     | Reached skill level 16 in Shapeshifting
 29322 | D:15     | Entered Level 15 of the Dungeon
 29382 | D:15     | Found a hide-covered altar of Uskayaw.
 29409 | D:15     | Noticed Saucecrufibb's ghost (journeyman DsBe)
 29623 | D:15     | Found a staircase to the Depths.
 29670 | D:15     | Found a transporter.
 29675 | D:15     | Found a transporter.
 30461 | Snake:1  | Entered Level 1 of the Snake Pit
 30476 | Snake:1  | Reached skill level 17 in Shapeshifting
 31984 | Snake:2  | Received a gift from Trog
 32202 | Snake:2  | Identified the +3 chain mail "Cuibebbi" {rF- Int+4}
 32271 | Snake:2  | Reached skill level 18 in Shapeshifting
 32484 | Snake:2  | Gained mutation: You are completely covered in razor-sharp
                  | scales. (AC +3, Slay +3) [demonic ancestry]
 32484 | Snake:2  | Reached XP level 17. HP: 129/142 MP: 14/17
 32612 | Snake:2  | You fall into a shaft and drop 1 floor!
 32813 | Snake:2  | Found a burning altar of Makhleb.
 32985 | Snake:3  | Found Rerigyoghi's Jewellery Boutique.
 33650 | Snake:3  | Reached skill level 19 in Shapeshifting
 33660 | Snake:3  | Noticed Agnes
 33668 | Snake:3  | Killed Agnes
 33766 | Snake:3  | Received a gift from Trog
 33899 | Snake:3  | Found Gierohi Bunk's Magic Scroll Shop.
 34024 | Snake:3  | Found Leplol's Distillery.
 34040 | Snake:3  | Bought a potion of cancellation for 120 gold pieces
 34040 | Snake:3  | Bought a potion of ambrosia for 120 gold pieces
 34268 | Snake:4  | Entered Level 4 of the Snake Pit
 34368 | Snake:4  | Noticed Nikola
 34378 | Snake:4  | Killed Nikola
 35088 | Snake:4  | Noticed Mara
 35148 | Snake:4  | Noticed Wizard1ke's illusion
 35296 | Snake:4  | Reached skill level 20 in Shapeshifting
 35362 | Snake:4  | Killed Mara
 36342 | Snake:4  | Gained mutation: You have hooves in place of feet. [demonic
                  | ancestry]
 36342 | Snake:4  | Reached XP level 18. HP: 100/149 MP: 15/18
 36633 | Snake:4  | Received a gift from Trog
 36636 | Abyss:1  | Cast into level 1 of the Abyss (salamander)
 36765 | Abyss:1  | Reached skill level 21 in Shapeshifting
 37014 | Snake:4  | Escaped the Abyss
 37121 | Snake:4  | Got a serpentine rune of Zot
 37396 | Shoals:1 | Entered Level 1 of the Shoals
 37642 | Shoals:1 | Received a gift from Trog
 37642 | Shoals:1 | Found a runed translucent gate.
 37642 | Shoals:1 | Found a runed translucent gate.
 37642 | Shoals:1 | Found a runed translucent gate.
 37669 | Shoals:1 | Noticed Ucoub's ghost (adept FoHs)
 37669 | Shoals:1 | Noticed Ucoub's ghost (adept FoHs)
 38586 | Shoals:2 | Reached skill level 22 in Shapeshifting
 38591 | Shoals:2 | Identified the +1 robe of Muod {+Blink rPois Str+3}
 39170 | Shoals:3 | Identified the +5 rapier of Magnificence {antimagic, rF-
                  | rCorr Dex+4}
 39293 | Shoals:3 | Reached ****** piety under Trog
 39737 | Shoals:4 | Entered Level 4 of the Shoals
 39980 | Shoals:4 | Reached XP level 19. HP: 148/155 MP: 19/19
 40042 | Shoals:4 | Received a gift from Trog
 40247 | Shoals:4 | Identified the +9 dagger "Haepacum" {heavy, ^Fragile rF+
                  | Str+7}
 40286 | Shoals:4 | Identified the death talisman "Nial Zycu" {Will- Str+4
                  | Int+3 Dex+3}
 40289 | Shoals:4 | Got a barnacled rune of Zot
 40469 | Shoals:4 | Identified the +2 leather armour of Hide-and-Seek {Int+3}
 40878 | Vaults:1 | Entered Level 1 of the Vaults
 40885 | Vaults:1 | Reached skill level 23 in Shapeshifting
 41034 | Vaults:1 | Noticed Saint Roka
 41139 | Vaults:1 | Killed Saint Roka
 41506 | Vaults:1 | Received a gift from Trog
 41737 | Vaults:1 | Reached skill level 15 in Unarmed Combat
 42397 | Vaults:2 | Reached skill level 5 in Dodging
 42594 | Vaults:2 | Identified the +7 quick blade of Vemone {heavy, rCorr}
                  | (Trog gifted it to you on level 2 of the Vaults)
 42594 | Vaults:2 | Received a gift from Trog
 42823 | Vaults:2 | Found a runed translucent door.
 42826 | Vaults:2 | Noticed Gawed's ghost (adept KoFi)
 42860 | Vaults:2 | Gained mutation: When low on magic, you restore magic in
                  | place of health. [demonic ancestry]
 42860 | Vaults:2 | Reached XP level 20. HP: 146/166 MP: 16/20
 43287 | Vaults:2 | Noticed Bai Suzhen
 43304 | Vaults:2 | Killed Bai Suzhen
 43401 | Vaults:2 | Received a gift from Trog
 43771 | Vaults:2 | Killed Gawed's ghost
 44603 | Vaults:3 | Found a staircase to the Crypt.
 44612 | Vaults:3 | Received a gift from Trog
 44943 | Vaults:4 | Noticed Norris
 44959 | Vaults:3 | Killed Norris
 45113 | Vaults:4 | Found Gomn's Armour Shop.
 45294 | Vaults:4 | Found Kavvudd's Assorted Antiques.
 45298 | Vaults:4 | Bought a scroll of blinking for 210 gold pieces
 45351 | Vaults:4 | Found Genoal's Weapon Shop.
 45519 | Vaults:4 | Reached XP level 21. HP: 177/177 MP: 21/21
 45578 | Vaults:4 | Noticed Boris
 45599 | Vaults:4 | Killed Boris
 45604 | Vaults:4 | Received a gift from Trog
 45661 | Vaults:4 | Found Lablis's Assorted Antiques.
 45676 | Vaults:4 | Bought a phantom mirror for 1160 gold pieces
 45913 | Vaults:4 | Reached skill level 10 in Dodging
 46038 | Vaults:4 | Found Hurev's Jewellery Shop.
 46424 | Elf:1    | Entered Level 1 of the Elven Halls
 46529 | Elf:1    | Received a gift from Trog
 47246 | Elf:2    | Found Icips's Assorted Antiques.
 47290 | Elf:2    | Bought a scroll of teleportation for 87 gold pieces
 47331 | Elf:2    | Found a runed translucent gate.
 47332 | Elf:2    | Found a runed translucent gate.
 47332 | Elf:2    | Found a runed translucent gate.
 47897 | Elf:2    | Received a gift from Trog
 48336 | Elf:3    | Entered Level 3 of the Elven Halls
 48338 | Elf:3    | Identified the +2 glaive "Demonspawn's Death" {freeze, rF+
                  | rC+}
 48551 | Elf:3    | Identified the serpent talisman of Hopscotch {rF- rN+++
                  | Str+3 Int-4}
 48551 | Elf:3    | Noticed Aizul
 48558 | Elf:3    | Killed Aizul
 48566 | Elf:3    | Found an ancient bone altar of Kikubaaqudgha.
 49151 | Elf:3    | Identified the amulet "Plog" {Reflect Fly SH+5}
 49191 | Elf:3    | Identified the +7 dagger "Eboaror" {drain, SInv}
 49211 | Elf:3    | Received a gift from Trog
 49316 | Elf:3    | Paralysed by an air elemental for 1 turns
 49351 | Elf:3    | Reached XP level 22. HP: 173/190 MP: 20/22
 49356 | Abyss:2  | Cast into level 2 of the Abyss (a deep elf demonologist)
 49388 | Abyss:2  | Found a runed translucent door.
 49740 | Elf:3    | Escaped the Abyss
 49909 | Elf:3    | Identified the +0 flail of Parts Unknown {pain, Will+}
 49932 | Elf:3    | Found the +7 hand cannon "Mule" {flame, backblast, rF+}
 49972 | Elf:3    | Identified the +0 trident of Suexzexzopn {freeze, Str+5}
 49978 | Elf:3    | Identified the staff of Adynaog {Stlth+ Conj}
 49983 | Elf:3    | Identified the staff of Sienilo {rF- rC+ rN+ Int+4 Ice}
 50335 | Depths:1 | Entered Level 1 of the Depths
 50337 | Depths:1 | Found a gateway to Hell.
 50420 | Depths:1 | Received a gift from Trog
 50436 | Depths:1 | Found Ibuthuqo's Fire Supplies.
 50477 | Depths:1 | Bought a scroll of immolation for 68 gold pieces
 50710 | Depths:1 | Found a one-way gate to the infinite horrors of the Abyss.
 50819 | Depths:1 | Found a bloodstained altar of Trog.
 50847 | Depths:1 | Found a one-way gateway to a ziggurat.
 50864 | Depths:1 | Reached skill level 5 in Evocations
 50893 | Depths:1 | Found Guag's Tiny Tomes.
 51313 | Depths:2 | Received a gift from Trog
 51430 | Depths:2 | Found a one-way gate leading to the halls of Pandemonium.
 51435 | Depths:2 | Reached skill level 10 in Evocations
 52394 | Depths:3 | Found a broken altar of Ashenzari.
 52642 | Depths:3 | Found Xukeel's Book Shop.
 52642 | Depths:3 | Found Yrock's Jewellery Shoppe.
 52643 | Depths:3 | Found Kivapeaw's Book Shop.
 52684 | Depths:4 | Entered Level 4 of the Depths
 52712 | Depths:4 | Identified the +5 quarterstaff "Hagruaq" {flame, Int-2
                  | Dex+6} (Trog gifted it to you on level 4 of the Depths)
 52712 | Depths:4 | Received a gift from Trog
 52712 | Depths:4 | Noticed Mennas
 52937 | D:13     | Killed dilly's ghost
 53122 | Slime:1  | Entered Level 1 of the Pits of Slime
 53145 | Slime:1  | Gained mutation: Your hexes are more powerful. [demonic
                  | ancestry]
 53145 | Slime:1  | Reached XP level 23. HP: 186/196 MP: 21/23
 53266 | Slime:5  | Entered Level 5 of the Pits of Slime
 53314 | Slime:5  | Reached skill level 24 in Shapeshifting
 53327 | Slime:5  | Noticed the Royal Jelly
 53339 | Slime:5  | Killed the Royal Jelly
 53586 | Slime:5  | Identified the +2 scale mail "Bausaved" {^Contam Fly Str+3
                  | Int+3}
 53601 | Slime:5  | Identified the staff of Blood-Lust {rPois rF+ rC+ Alchemy}
 53614 | Slime:5  | Got a slimy rune of Zot
 53615 | Slime:5  | Got a starry gem with 574 turns to spare
 53954 | Depths:4 | Noticed Sojobo
 54006 | Depths:3 | Killed Sojobo
 54357 | Depths:4 | Noticed Boris
 54365 | Depths:4 | Killed Boris
 54559 | Depths:3 | Noticed a dread lich
 54587 | Depths:4 | Paralysed by a dread lich for 5 turns
 54594 | Depths:4 | Killed a dread lich
 54605 | Depths:3 | Reached skill level 25 in Shapeshifting
 54723 | Depths:4 | Found a hazy altar of Hepliaklqana.
 54757 | Depths:4 | Noticed Margery
 54780 | Depths:4 | Killed Margery
 54845 | Depths:4 | Noticed a caustic shrike
 54854 | Depths:4 | Killed a caustic shrike
 55263 | Depths:4 | Found a gate to the Realm of Zot.
 55268 | Zot:1    | Entered Level 1 of the Realm of Zot
 55495 | Zot:1    | Received a gift from Trog
 55545 | Zot:1    | Gained mutation: Your melee attacks may debilitate your
                  | foes. [demonic ancestry]
 55545 | Zot:1    | Reached XP level 24. HP: 177/204 MP: 20/23
 55681 | Zot:1    | Reached skill level 26 in Shapeshifting
 55818 | Zot:1    | Noticed a Killer Klown
 55956 | Zot:1    | Killed a Killer Klown
 56006 | Zot:1    | Found a shimmering blue altar of Sif Muna.
 56357 | Zot:1    | Identified the +10 great mace of Devotion {flame, Will+
                  | Str+3 SInv} (Trog gifted it to you on level 1 of the Realm
                  | of Zot)
 56357 | Zot:1    | Received a gift from Trog
 56394 | Zot:1    | Identified the +11 arbalest of Tortfeasance {heavy, rF+}
 56716 | Zot:2    | Reached skill level 27 in Shapeshifting
 57238 | Zot:2    | Received a gift from Trog
 57879 | Zot:3    | Reached XP level 25. HP: 199/212 MP: 22/23
 58217 | Zot:3    | Found the +4 dragonskin cloak
 58217 | Zot:3    | Noticed Tiamat
 58729 | Zot:2    | Killed Tiamat
 58778 | Zot:3    | Received a gift from Trog
 60026 | Zot:5    | Entered Level 5 of the Realm of Zot
 60372 | Zot:5    | Noticed an ancient lich
 60420 | Zot:5    | Killed an ancient lich
 60517 | Zot:5    | Noticed an orb of fire
 60517 | Zot:5    | Gained mutation: Your magical capacity is low. (-10% MP)
                  | [an orb of fire]
 60520 | Zot:5    | Noticed an orb of fire
 60520 | Zot:5    | Noticed an orb of fire
 60521 | Zot:5    | Noticed an ancient lich
 60531 | Zot:5    | Gained mutation: You occasionally lose the ability to read
                  | scrolls when taking damage. [an orb of fire]
 60533 | Zot:5    | Killed an orb of fire
 60598 | Zot:4    | Lost mutation: Your magical capacity is low. (-10% MP)
                  | [potion of mutation]
 60598 | Zot:4    | Lost mutation: You occasionally lose the ability to read
                  | scrolls when taking damage. [potion of mutation]
 60598 | Zot:4    | Gained mutation: You are weak. (Str -2) [potion of
                  | mutation]
 60598 | Zot:4    | Gained mutation: You are robust. (+10% HP) [potion of
                  | mutation]
 60637 | Zot:5    | Lost mutation: You are robust. (+10% HP) [an orb of fire]
 60641 | Zot:5    | Gained mutation: Your body sometimes deteriorates upon
                  | taking damage. [an orb of fire]
 60642 | Zot:5    | Killed an orb of fire
 60698 | Zot:5    | Gained mutation: Potions are less effective at restoring
                  | your health. [an orb of fire]
 60709 | Zot:5    | Gained mutation: Your spells are a little easier to cast,
                  | but a little less powerful. [an orb of fire]
 60710 | Zot:5    | Gained mutation: You have hidden genetic potential. [an orb
                  | of fire]
 60712 | Zot:5    | Killed an orb of fire
 60712 | Zot:5    | Killed an ancient lich
 60759 | Zot:5    | Lost mutation: Potions are less effective at restoring your
                  | health. [potion of mutation]
 60759 | Zot:5    | Lost mutation: You are weak. (Str -2) [potion of mutation]
 60759 | Zot:5    | Gained mutation: Your magical capacity is low. (-10% MP)
                  | [potion of mutation]
 60759 | Zot:5    | Gained mutation: You are strong-willed. (Will+) [potion of
                  | mutation]
 60833 | Zot:5    | Noticed an ancient lich
 60852 | Zot:5    | Killed an ancient lich
 60893 | Zot:5    | Reached XP level 26. HP: 191/224 MP: 19/20
 60895 | Zot:5    | Received a gift from Trog
 60906 | Zot:5    | Got the Orb of Zot
 61030 | Zot:3    | Noticed Huopuc the pandemonium lord
 61529 | D:$      | Escaped with the Orb!

Illustrated notes

Levels and vault maps discovered:
D:1:      beargit_arrival_diablo_church, layout_basic
D:2:      kennysheep_six_static_rooms, layout_loops_ring,
          dreamdust_ecumenical_altar_statues, nicolae_wormholes
D:3:      layout_loops_corners, vehumet_statue, serial_shops, nicolae_shop_stone
D:4:      layout_loops_cross, nicolae_wu_jian_immortal_techniques,
          marbit_many_paths, serial_rivers, chequers_serial_rivers_micro_c,
          chequers_serial_rivers_room_b, chequers_serial_rivers_micro_e,
          chequers_serial_rivers_small_b, lightli_ossuary_entry_decrepit_ruins
D:5:      layout_basic, serial_shops, nicolae_square_shop
D:6:      layout_gridville, minmay_temple_entry_tees, nrook_mini_backslash
D:7:      layout_loops_ring, minmay_holes, kennysheep_donut,
          nicolae_shop_self_help, uniq_pikel, uniq_maurice
D:8:      layout_loops_ring, dpeg_lair_monsters, uniq_amaemon
D:9:      layout_cross, orc_0_dummy, enter_bailey_5, kennysheep_generic_room_13
D:10:     layout_gridville
D:11:     layout_gridville, serial_shops, shop, kennysheep_potato, uniq_harold
D:12:     layout_roguey, uniq_frances, uniq_jorgrun
D:13:     minmay_ornate_pinched, layout_irregular_city, david_vaults_5,
          nicolae_yredelemnul_ghost_church, uniq_josephine
D:14:     layout_irregular_city, chequers_serial_rivers_room_a, uniq_louise
D:15:     gammafunk_depths_entry_grave, layout_stronghold,
          gammafunk_ghost_mausoleum, chequers_serial_rivers_marsh,
          nicolae_concentric_dashed_squares_wild, nicolae_uskayaw_dance_hall
Lair:1:   statuecave_lemuel, layout_gridlike, beast_lair_carwin_7,
          serial_bayou_shore_a, infiniplex_staircase_pool
Lair:2:   layout_loops_ring, shoals_dummy_entry,
          nicolae_snake_entry_warm_welcome, amcnicky_mini_pool_medium,
          grunt_megastairs_3
Lair:3:   layout_concentric_octagons
Lair:4:   layout_hall_layers, minmay_slime_entry_pillars, serial_bayou_pond_b,
          lemuel_fruit_fields
Lair:5:   cheibrodos_lair_end_hotspot, layout_misc_corridors, basic_altar,
          dpeg_oklob_1
Shoals:1: layout_shoals, gammafunk_ghost_cemetery
Shoals:2: layout_shoals, nicolae_shoals_lost_giant_hut
Shoals:3: layout_shoals
Shoals:4: shoals_end_hellmonk_lost_city
Snake:1:  layout_chambers, minmay_snake_pond, serial_bayou_shore_b
Snake:2:  layout_rooms, basic_altar
Snake:3:  layout_basic, serial_shops, shop, nicolae_shop_waterfront, shop,
          serial_bayou_lake_a, uniq_agnes
Snake:4:  snake_pit_salamanders_mu, layout_basic,
          serial_library_hellmonk_room_c, nicolae_snake_gridmaze_entwining,
          uniq_mara, uniq_nikola
Slime:1:  cheibrodos_slime_lost_civilization_9, layout_caves
Slime:2:  layout_caves, cheibrodos_slime_lost_civilization_6
Slime:3:  layout_caves, cheibrodos_slime_lost_civilization_7
Slime:4:  layout_caves
Slime:5:  slime_pit_nicolae_block_by_block
Orc:1:    layout_caves, uniq_gastronok
Orc:2:    grunt_orc_tribal_feast, layout_caves, ebering_ghost_inner_flame,
          basic_altar, serial_shops, nicolae_square_shop
Elf:1:    eino_elf_arrival_shootout, layout_geoelf_octagon,
          nicolae_elf_blasts_and_bolts
Elf:2:    nicolae_elf_blades_crystal_corner, layout_geoelf_octagon,
          serial_shops, shop
Elf:3:    elf_hall_gauntlet_narrow, layout_onion_city, basic_altar,
          minmay_misc_feat_diagonals, uniq_aizul
Vaults:1: nicolae_vaults_puzzle_piece, nicolae_vaults_corridor_and_loot_room,
          ontoclasm_vaults_eye, nicolae_vaults_lightning_bolt,
          vaults_dpeg_encased_lava, v_misc_26, vaults_dpeg_cross,
          vaults_room_corners, vaults_room_door_ring, layout_vaults_quadrants,
          uniq_saint_roka
Vaults:2: ebering_ghost_reflecting_pool, nicolae_vaults_wine_cellar, v_misc_1,
          v_pattern_3, nicolae_vaults_octothorpe,
          nicolae_vaults_trapezoid_layered, nicolae_vaults_murder_corner,
          nicolae_vaults_little_squares_6, hangedman_vaults_restitches,
          nicolae_vaults_network_quinsquares
          [nicolae_vaults_network_quincunx_subvault,
          nicolae_vaults_network_quincunx_subvault,
          nicolae_vaults_network_quincunx_subvault,
          nicolae_vaults_network_quincunx_subvault],
          ontoclasm_vaults_misaligned, vaults_mumra_chevron,
          layout_vaults_omnibox, uniq_bai_suzhen
Vaults:3: nicolae_vaults_more_shelving_1, v_pattern_1,
          hangedman_vaults_stitches, nicolae_vaults_trapezoid_3,
          vaults_room_pool, nicolae_vaults_house_1, grunt_vaults_diagonal,
          vaults_dpeg_hooks, nicolae_vaults_asterisk, minmay_orc_keep,
          nicolae_vaults_six-pack, v_misc_12, layout_vaults_big_room,
          minmay_crypt_entry_simple_round
Vaults:4: nicolae_vaults_ninety_degrees, nicolae_vaults_ellipses_ellipsis,
          hangedman_vaults_trim, hangedman_vaults_corner,
          hangedman_vaults_unwind, v_misc_27, nicolae_vaults_trapezoid_2,
          vaults_room_hallway, nicolae_vaults_tangram_1, vaults_room_hallway,
          ontoclasm_vaults_decontamination, nicolae_vaults_enemy_cabinets,
          nicolae_vaults_little_squares_6, layout_vaults_maze_snakey,
          serial_shops, shop, nicolae_shop_waterfront, shop,
          nicolae_shop_tiny_statue_garden, shop, uniq_norris, uniq_boris
Depths:1: layout_basic, enter_ziggurat_d, hell_entry, hangedman_decor_growths,
          hangedman_abyss_entry_splay, chequers_serial_rivers_large_a,
          hangedman_abyss_or_decor_stagger, nicolae_shop_i_like_small_books_too,
          nicolae_twisting_strands, hangedman_abyss_or_decor_slice, st_stairs_7,
          abandoned_shop, nrook_mini_vaults, nicolae_shop_fire_sale
          [nicolae_sub_dead_trees], trog_three_pillars_becter
Depths:2: hangedman_cross_stitches, layout_honeycomb, columned_hall_lemuel,
          hell_entry, rand_demon_pan_entry_1
Depths:3: minmay_skeletal_surprise, layout_cave_shapes,
          abyss_entry_small_statue_room, nicolae_ashenzari_skybound, hell_entry,
          minmay_shop_grove
Depths:4: grunt_zot_entry_alcove, layout_basic, minmay_misc_feat_secret_circle,
          hangedman_tar_grid_catacomb, serial_bayou_pond_b,
          worldfamousw_hep_ancestral_shrine, uniq_mennas, uniq_sojobo,
          uniq_margery
Zot:1:    cheibrodos_zot_enchanting_chambers, layout_gridlike,
          regret_index_zotdec_magical_s, grunt_megastairs_5
Zot:2:    layout_concentric_octagons, regret_index_zotdec_banners
Zot:3:    layout_gridlike, regret_index_zotdec_split_disrupt, uniq_tiamat,
          uniq_josephina
Zot:4:    grunt_twist_and_shout, layout_cathedral_of_symmetry
Zot:5:    layout_onion

Skill      XL: |  1  2  3  4  5  6  7  8  9 10 11 12 13 14 15 16 17 18 19 20 21 22 23 24 25 |
---------------+----------------------------------------------------------------------------+-----
Maces & Flails | 3 |  3.1
Fighting       | 4 5 6 7 8 10 14 15 16 18 19 20 22 | 22.2
Unarmed Combat | 4 8 13 14 15 16 18 20 21 | 21.9
Evocations     | 1 4 10 | 10.0
Shapeshifting  | 1 6 11 15 18 20 22 23 25 27 | 27.0
Dodging        | 6 9 10 11 13 | 13.9
Armour         | |  1.7

Action                     |  1- 3 |  4- 6 |  7- 9 | 10-12 | 13-15 | 16-18 | 19-21 | 22-24 | 25-27 || total
---------------------------+-------+-------+-------+-------+-------+-------+-------+-------+-------++-------
  Melee: Mace              |   127 |   144 |    49 |       |       |       |       |       |       ||   320
         Kick              |    20 |    40 |    59 |   198 |   331 |   180 |       |       |       ||   828
         Punch             |     1 |       |     9 |    41 |    75 |   107 |   115 |   163 |    65 ||   576
         Unarmed           |       |       |   161 |   567 |   848 |  1097 |  1055 |  1124 |   442 ||  5294
  Throw: Boomerang         |       |       |       |     2 |    21 |       |       |       |       ||    23
 Invoke: Berserk           |     2 |     3 |     2 |       |     4 |     1 |     1 |       |       ||    13
         Brothers in Arms  |       |       |       |     5 |     8 |     4 |     8 |     3 |       ||    28
         Trog's Hand       |       |       |       |     2 |     5 |     4 |    22 |    17 |     5 ||    55
Ability: Blinkbolt         |       |       |       |       |       |    30 |    49 |    16 |     6 ||   101
  Evoke: Wand              |       |       |       |     3 |    13 |    10 |       |     3 |     3 ||    32
         Sack of spiders   |       |       |       |     1 |     3 |     2 |     1 |       |       ||     7
         Phantom mirror    |       |       |       |       |       |       |       |       |     2 ||     2
    Use: Potion            |     3 |       |     1 |       |     3 |     3 |     5 |     8 |     5 ||    28
         Scroll            |       |     1 |     9 |     7 |    12 |    11 |     2 |    10 |     4 ||    56
   Stab: Sleeping          |     1 |       |       |       |       |     1 |       |     1 |       ||     3
         Paralysed         |       |       |       |       |    11 |       |       |       |       ||    11
         Distracted        |       |       |       |       |     3 |     1 |     2 |     1 |       ||     7
         Held in net/web   |       |       |       |       |     1 |       |       |       |       ||     1
 Armour: Animal skin       |    68 |     7 |       |       |       |       |       |       |       ||    75
         Skin              |     6 |       |       |       |       |   248 |   374 |   366 |   123 ||  1117
         Chain mail        |       |    93 |   154 |   366 |   807 |   517 |       |       |       ||  1937
  Dodge: Dodged            |    86 |    48 |    73 |   136 |   297 |   806 |  1112 |  1151 |   502 ||  4211
  Block: Other             |       |       |       |       |   129 |       |       |       |       ||   129
         Reflection        |       |       |       |       |    18 |       |       |       |       ||    18
   Form: Blade             |       |       |       |       |     1 |     1 |       |       |       ||     2
         Storm             |       |       |       |       |       |     2 |       |     2 |       ||     4
                           |       |       |       |       |       |       |       |     2 |       ||     2

Table legend: (Time is in decaauts)
 A = Elapsed time spent in this place.
 B = Non-inter-level travel time spent in this place.
 C = Inter-level travel time spent in this place.
 D = Time resting spent in this place.
 E = Time spent auto-exploring this place.
 F = Levels seen in this place.
 G = Mean time per level.
                   A        B        C        D        E       F      G
               +--------+--------+--------+--------+--------+-----+--------+
         Total |  60451 |  55718 |   4733 |  10742 |  29890 |  55 | 1099.1 |
       Dungeon |  18716 |  16975 |   1741 |   3030 |   9887 |  15 | 1247.7 |
          Lair |   8575 |   7750 |    825 |   2999 |   3201 |   5 | 1715.0 |
        Shoals |   3275 |   3090 |    185 |    125 |   2125 |   4 |  818.8 |
     Snake Pit |   6419 |   5805 |    614 |    938 |   3219 |   4 | 1604.8 |
    Slime Pits |    507 |    436 |     71 |     73 |     38 |   5 |  101.4 |
  Orcish Mines |   3663 |   3484 |    179 |   1875 |    960 |   2 | 1831.5 |
   Elven Halls |   3218 |   3049 |    169 |    106 |   2016 |   3 | 1072.7 |
        Vaults |   5133 |   4778 |    355 |    220 |   3258 |   4 | 1283.2 |
        Depths |   3895 |   3615 |    280 |    577 |   2121 |   4 |  973.8 |
           Zot |   5426 |   5115 |    311 |    434 |   2947 |   5 | 1085.2 |
         Abyss |    734 |    734 |      0 |     30 |     74 |   2 |  367.0 |
       Ossuary |    514 |    514 |      0 |    260 |     42 |   1 |  514.0 |
        Bailey |    371 |    371 |      0 |     73 |      0 |   1 |  371.0 |
               +--------+--------+--------+--------+--------+-----+--------+

Top non-repeatable levels by time:
  Lair:4: 3029 daAuts
 Snake:4: 2467 daAuts
   Orc:1: 2198 daAuts
    D:13: 2011 daAuts
 Snake:1: 1672 daAuts
    D:12: 1658 daAuts
  Lair:2: 1586 daAuts
  Lair:5: 1534 daAuts
     D:9: 1476 daAuts
   Orc:2: 1464 daAuts
Vaults:1: 1460 daAuts
  Lair:1: 1441 daAuts
Vaults:2: 1420 daAuts
     D:7: 1416 daAuts
     D:8: 1397 daAuts
